 Dungeon Crawl Stone Soup version 0.30-a0-330-g8f2769a82d (webtiles) character file.

Game seed: 3634165941414400895

71 Kirkhe the Insei (level 4, 37/37 HPs)
             Began as a Demonspawn Monk on Oct 28, 2022.
             Quit the game on level 2 of the Dungeon.
             The game lasted 00:02:50 (1455 turns).

Kirkhe the Insei (Demonspawn Monk)                  Turns: 1455, Time: 00:02:50

Health: 37/37      AC:  6    Str: 17    XL:     4   Next: 5%
Magic:  4/4        EV: 12    Int: 12    God:
Gold:   26         SH:  0    Dex: 12    Spells: 3/3 levels left

rFire   . . .      SeeInvis .    i - +8 quarterstaff of the Hills {vorpal, rC+ Str+4 Dex-3}
rCold   + . .      Faith    .    (shield currently unavailable)
rNeg    . . .      Spirit   .    a - +0 robe
rPois   .          Reflect  .    (no helmet)
rElec   .          Harm     .    (no cloak)
rCorr   .          Rampage  .    h - +1 pair of gloves
Will    .....                    (no boots)
Stlth   ++........               (no amulet)
HPRegen 0.26/turn                (no ring)
MPRegen 0.09/turn                (no ring)

@: no status effects
A: hooves 1, yellow scales 1, foul stench 1
a: no special abilities


You were on level 2 of the Dungeon.
You visited 1 branch of the dungeon, and saw 2 of its levels.

You collected 104 gold pieces.
You spent 78 gold pieces at shops.

Inventory:

Hand Weapons
 i - the +8 quarterstaff of the Hills (weapon) {vorpal, rC+ Str+4 Dex-3}
   (You found it on level 2 of the Dungeon)

   It inflicts extra damage upon your enemies.
   Str:       It affects your strength (+4).
   Dex:       It affects your dexterity (-3).
   rC:        It protects you from cold.
Missiles
 f - a throwing net (quivered)
 k - 4 poisoned darts
Armour
 a - a +0 robe (worn)
 g - a +0 buckler
 h - a +1 pair of gloves (worn)
Scrolls
 b - a scroll of butterflies {unknown}
 c - a scroll of teleportation {unknown}
 e - 2 scrolls of identify {unknown}
 l - a scroll of poison {unknown}
Potions
 d - a potion of cancellation {unknown}
 j - 4 potions of heal wounds
 m - a potion of attraction {unknown}
 n - a potion of curing {unknown}
 o - 2 potions of lignification {unknown}


   Skills:
 + Level 3.7 Fighting
 - Level 2.6 Dodging
 - Level 1.7 Stealth
 * Level 4.0 Unarmed Combat


You had 3 spell levels left.
You didn't know any spells.
Your spell library contained the following spells:

 Spells                   Type           Power      Damage    Failure   Level
 Kiss of Death            Conj/Necr      0%         2d5       32%         1
 Confusing Touch          Hex            0%         N/A       69%         3
 Dispel Undead            Necr           0%         3d6       97%         4


Dungeon Overview and Level Annotations

Branches:
Dungeon (2/15)

Altars:

Shops:
D:2 !


Innate Abilities, Weirdness & Mutations

You have large cloven feet.
You are partially covered in yellow scales. (AC +2)
You may rarely emit foul miasma when damaged in melee.


Message History

You now have 26 gold pieces (gained 15).
m - a golden potion You see here an adder corpse.
Found a leather armour.
j - 4 potions of heal wounds (gained 1)
An endoplasm comes into view.
The endoplasm quivers.
The endoplasm hits you but does no damage.
You barely miss the endoplasm. The endoplasm misses you.
You sock the endoplasm!
You kill the endoplasm!
Your Unarmed Combat skill increases to level 4!
No target in view!
Found a stone staircase leading up.
Things that are here:
a +0 club; a goblin skeleton You see here a hobgoblin skeleton.
You see here a frilled lizard skeleton.
You open the door.
There is an open door here.
Found a stone staircase leading down.
n - a coppery potion No target in view!
No target in view!
Things that are here:
a +0 club; a goblin skeleton You see here 5 stones.
o - 2 glowing black potions You see here a rat corpse.
There is an entrance to Xakh's Distillery here.
You see here a potion of degeneration.
There is a stone staircase leading up here.
Things that are here:
a +0 whip; a +0 leather armour Done exploring.
Done exploring.
You see here a +0 club.
There is an open door here.
There is a stone staircase leading down here.
Are you sure you want to abandon this character and quit the game? (Confirm with "yes".)

###########
#@.#......########
#.........'.......
#.##......#######.
#.##......# #.
#.######### ####.
#.# #####.... #.#
#...#.... #.#
#...####. #)#
#......#.


There were no monsters in sight!

Vanquished Creatures
  2 adders (D:2)
  2 dart slugs (D:2)
  3 bats
  5 endoplasms
  2 giant cockroaches (D:1)
  4 goblins (D:2)
  4 hobgoblins
  7 jackals (D:1)
  2 kobolds
  2 quokkas (D:1)
  5 ball pythons
  A frilled lizard (D:2)
  5 rats
44 creatures vanquished.

Notes
Turn   | Place    | Note
-------+----------+-------------------------------------------
     0 | D:1      | Kirkhe the Demonspawn Monk began the quest for the Orb.
     0 | D:1      | Reached XP level 1. HP: 18/18 MP: 1/1
   221 | D:1      | Reached skill level 3 in Unarmed Combat
   231 | D:1      | Gained mutation: You may rarely emit foul miasma when
                  | damaged in melee. [demonic ancestry]
   231 | D:1      | Reached XP level 2. HP: 24/24 MP: 2/2
   725 | D:1      | Gained mutation: You are partially covered in yellow
                  | scales. (AC +2) [demonic ancestry]
   725 | D:1      | Reached XP level 3. HP: 27/29 MP: 3/3
   966 | D:2      | Identified the +8 quarterstaff of the Hills {vorpal, rC+
                  | Str+4 Dex-3}
  1151 | D:2      | Found Xakh's Distillery.
  1158 | D:2      | Bought a potion of heal wounds for 65 gold pieces
  1158 | D:2      | Bought a potion of degeneration for 13 gold pieces
  1203 | D:2      | Gained mutation: You have large cloven feet. [demonic
                  | ancestry]
  1203 | D:2      | Reached XP level 4. HP: 37/37 MP: 4/4
  1242 | D:2      | Reached skill level 4 in Unarmed Combat
  1455 | D:2      | Quit the game

Illustrated notes

Levels and vault maps discovered:
D:1:      dpeg_arrival_chambers_temple_mockup, layout_basic,
          minmay_misc_feat_cross, minmay_misc_feat_secret_circle
D:2:      layout_basic, serial_shops, nicolae_diamond_shop

Skill      XL: |  1  2  3  4 |
---------------+-------------+-----
Unarmed Combat | 3 4 |  4.0
Fighting       | |  3.7
Dodging        | |  2.6
Stealth        | |  1.7

Action                   |  1- 3 |  4- 6 || total
-------------------------+-------+-------++-------
Melee: Unarmed           |    92 |       ||    92
       Punch             |     2 |       ||     2
       Quarterstaff      |    31 |     2 ||    33
  Use: Potion            |     1 |       ||     1
 Stab: Sleeping          |     6 |       ||     6
       Distracted        |     1 |       ||     1
Armor: Robe              |    31 |     1 ||    32
Dodge: Dodged            |    94 |     1 ||    95

Table legend: (Time is in decaauts)
 A = Elapsed time spent in this place.
 B = Non-inter-level travel time spent in this place.
 C = Inter-level travel time spent in this place.
 D = Time resting spent in this place.
 E = Time spent auto-exploring this place.
 F = Levels seen in this place.
 G = Mean time per level.
                   A        B        C        D        E       F      G
               +--------+--------+--------+--------+--------+-----+--------+
         Total |   1459 |   1383 |     76 |    121 |    958 |   2 |  729.5 |
       Dungeon |   1459 |   1383 |     76 |    121 |    958 |   2 |  729.5 |
               +--------+--------+--------+--------+--------+-----+--------+

Top non-repeatable levels by time:
     D:1: 930 daAuts
     D:2: 528 daAuts
